 Dungeon Crawl Stone Soup version 0.28-a0-1518-gbe868bca14 (webtiles) character file.

Game seed: 7590819964189359589

2023 buddhastalin the Cleaver (level 9, -3/79 HPs)
             Began as a Purple Draconian Berserker on Jan 16, 2022.
             Was a Priest of Trog.
             Slain by a bullfrog skeleton (5 damage)
             ... on level 6 of the Dungeon.
             The game lasted 00:12:49 (6501 turns).

buddhastalin the Cleaver (DrBe)                     Turns: 6501, Time: 00:12:50

Health: -3/79      AC:  8    Str: 23    XL:     9   Next: 3%
Magic:  9/9        EV: 14    Int:  7    God:    Trog [***...]
Gold:   366        SH:  0    Dex: 12    Spells: 8/8 levels left

rFire   . . .      SeeInvis .   a - +1 hand axe (protect)
rCold   . . .      Faith    .   (no shield)
rNeg    . . .      Spirit   .   (armour unavailable)
rPois   .          Reflect  .   (helmet restricted)
rElec   .          Harm     .   (no cloak)
rCorr   .          Rampage  .   j - +1 pair of gloves
Will    +++..                   (no boots)
Stlth   +.........              (no amulet)
HPRegen 1.23/turn               (no ring)
MPRegen 0.11/turn               (no ring)

@: lethally poisoned (-3 -> -11), strong-willed (expiring), corroded, under a
protective aura, on berserk cooldown, regenerating (expiring), slowed, very slow
A: breathe power, AC +7, unfitting armour, cold-blooded
a: Breathe Dispelling Energy, Renounce Religion, Berserk, Trog's Hand


You were on level 6 of the Dungeon.
You worshipped Trog.
Trog was most pleased with you.
You visited 1 branch of the dungeon, and saw 6 of its levels.
You also visited: Sewer.

You collected 366 gold pieces.

Inventory:

Hand Weapons
 a - a +1 hand axe of protection (weapon)
Missiles
 g - 12 poisoned darts (quivered)
 n - 6 atropa-tipped darts
Armour
 j - a +1 pair of gloves (worn)
 o - a +0 kite shield
Jewellery
 k - a +6 ring of dexterity
Wands
 m - a wand of paralysis (7)
 r - a wand of iceblast (15)
Scrolls
 b - a scroll of fear
 d - a scroll of teleportation
 f - a scroll of enchant armour
 h - 3 scrolls of blinking
 i - 2 scrolls of identify
 l - a scroll of immolation
Potions
 c - a potion of mutation
 e - 2 potions of brilliance {unknown}
 p - 3 potions of flight
 q - a potion of attraction {unknown}
 t - 4 potions of curing


   Skills:
 + Level 7.2 Fighting
 * Level 9.0 Axes
 + Level 6.0 Dodging


You had 8 spell levels left.
You didn't know any spells.
Your spell library was empty.

Dungeon Overview and Level Annotations

Branches:
Dungeon (6/15)             Temple (0/1) D:5           Sewer (visited)

Altars:
Yredelemnul


Innate Abilities, Weirdness & Mutations

You can breathe bolts of dispelling energy.
Your rich purple scales are hard. (AC +7)
You cannot fit into any form of body armour.
You are cold-blooded and may be slowed by cold attacks.


Message History

You are no longer berserk.
You are exhausted.
You feel yourself slow down. The scorpion stings you.
* * * LOW HITPOINT WARNING * * *
The bullfrog skeleton hits you.
* * * LOW HITPOINT WARNING * * *
You feel better.
You feel the effects of Trog's Hand fading.
The bullfrog skeleton closely misses you.
The scorpion stings you!
* * * LOW HITPOINT WARNING * * *
The scorpion stings you.
* * * LOW HITPOINT WARNING * * *
The bullfrog skeleton hits you but does no damage.
You hit the scorpion but do no damage.
You tail-slap the scorpion, but do no damage.
The scorpion is almost dead.
You hit the bullfrog skeleton but do no damage.
The bullfrog skeleton hits you.
* * * LOW HITPOINT WARNING * * *
The scorpion stings you.
* * * LOW HITPOINT WARNING * * *
You are poisoned.
The scorpion poisons you! The bullfrog skeleton hits you.
* * * LOW HITPOINT WARNING * * *
The scorpion barely misses you.
You fail to use your ability.
You feel very sick.
The bullfrog skeleton completely misses you.
The scorpion barely misses you.
The bullfrog skeleton closely misses you.
Your black bear goes berserk!
You can no longer call in reinforcements.
You feel sick. The scorpion stings you.
* * * LOW HITPOINT WARNING * * *
You are lethally poisoned!
The scorpion poisons you!
The bullfrog skeleton hits you but does no damage.
The scorpion barely misses you. The bullfrog skeleton hits you.
You die...

#..............#
.............<....##.#
#.................>...
.....................
#................##..
#.#......#......####.
.#.#........#........#..
......s#................
#ZZ@.h.......(......
#.###?.............. ..
#.#.............
...#.###...........)...
##. #........>..........
.. ...#................
. #.....#.#...#..#.....
#.#...###...#..#.....
###.....#..##....#..#..


You could see a scorpion (ally target), a killer bee zombie, a bullfrog skeleton
and a friendly black bear (summoned, berserk).

Vanquished Creatures
  Menkaure (D:6)
  A water moccasin (Sewer)
  2 black bears
  6 ogres
  A centaur (D:4)
  A necrophage (D:4)
  A bullfrog (D:6)
  A scorpion (D:6)
  5 killer bees (D:5)
  2 howler monkeys
  A hound (D:5)
  2 jellies (D:6)
  A scorpion zombie (D:5)
  3 iguanas (D:6)
  Natasha (thrice) (D:3)
  A howler monkey skeleton (D:6)
  6 gnolls
  A river rat (D:5)
  6 adders
  2 white imps (D:6)
  2 ufetubi
  An adder skeleton (D:4)
  2 worms
  4 dart slugs
  5 orcs
  10 endoplasms
  3 giant cockroaches
  18 goblins
  11 hobgoblins
  5 jackals
  5 kobolds
  2 quokkas
  5 ball pythons
  10 bats
  5 frilled lizards
  4 rats
139 creatures vanquished.

Vanquished Creatures (others)
  9 plants (D:1)
9 creatures vanquished.

Grand Total: 148 creatures vanquished

Notes
Turn   | Place    | Note
-------+----------+-------------------------------------------
     0 | D:1      | buddhastalin the Draconian Berserker began the quest for
                  | the Orb.
     0 | D:1      | Reached XP level 1. HP: 19/19 MP: 1/1
   147 | D:1      | Reached XP level 2. HP: 9/26 MP: 2/2
   937 | D:1      | Reached XP level 3. HP: 29/33 MP: 3/3
   969 | D:1      | Found a faded altar of an unknown god.
  1217 | D:1      | Reached ** piety under Trog
  1464 | D:2      | Reached skill level 4 in Axes
  1584 | D:2      | You fall into a shaft and drop 2 floors!
  1604 | D:4      | Reached XP level 4. HP: 28/40 MP: 4/4
  1729 | D:4      | Noticed a necrophage
  1743 | D:4      | Killed a necrophage
  1744 | D:4      | Reached XP level 5. HP: 43/46 MP: 5/5
  1765 | D:4      | Noticed a centaur
  1779 | D:4      | Killed a centaur
  1780 | D:4      | Reached skill level 5 in Axes
  2117 | D:4      | Noticed an ogre
  2127 | D:4      | Killed an ogre
  2128 | D:4      | Reached XP level 6. HP: 28/55 MP: 6/6
  2802 | D:2      | Found a basalt altar of Yredelemnul.
  3135 | D:3      | Reached *** piety under Trog
  3235 | D:3      | Reached skill level 5 in Fighting
  3337 | D:3      | Reached skill level 6 in Axes
  3543 | D:3      | Noticed Natasha
  3552 | D:3      | Killed Natasha
  3553 | D:3      | Your scales start taking on a rich purple colour.
  3553 | D:3      | Reached XP level 7. HP: 61/61 MP: 7/7
  3824 | D:3      | Noticed Natasha
  3830 | D:3      | Killed Natasha
  4026 | D:3      | Noticed Natasha
  4039 | D:3      | Killed Natasha
  4369 | D:5      | Entered Level 5 of the Dungeon
  4631 | D:5      | Reached **** piety under Trog
  4632 | D:5      | Reached skill level 7 in Axes
  4672 | D:5      | Found a glowing drain.
  4678 | Sewer    | Entered a sewer
  4814 | Sewer    | Reached skill level 5 in Dodging
  4814 | Sewer    | Reached XP level 8. HP: 60/70 MP: 8/8
  4948 | D:5      | Found a staircase to the Ecumenical Temple.
  5748 | D:6      | Noticed Menkaure
  5764 | D:6      | Killed Menkaure
  5765 | D:6      | Reached skill level 8 in Axes
  6492 | D:6      | Reached skill level 9 in Axes
  6492 | D:6      | Reached XP level 9. HP: 35/79 MP: 9/9
  6501 | D:6      | HP: 2/79 [scorpion (3)]
  6501 | D:6      | Slain by a bullfrog skeleton

Illustrated notes

Levels and vault maps discovered:
D:1:      dpeg_arrival_line_fractal, layout_basic,
          hellmonk_ecumenical_altar_run_dry, nicolae_grassy_gnolls
D:2:      layout_rooms, basic_altar, minivault_5
D:3:      layout_loops_corners, minmay_ogre_servants, uniq_natasha
D:4:      layout_rooms
D:5:      layout_basic, minmay_temple_entry_sparse_star, gup_sewer_entry_bubbles
D:6:      layout_cave_pools, minmay_fractal_squares_5, uniq_menkaure

Skill      XL: |  1  2  3  4  5  6  7  8 |
---------------+-------------------------+-----
Dodging        | 3 4 5 6 |  6.0
Axes           | 4 5 6 7 9 |  9.0
Fighting       | 4 5 6 7 |  7.2

Action                   |  1- 3 |  4- 6 |  7- 9 || total
-------------------------+-------+-------+-------++-------
Melee: Hand axe          |   111 |   192 |   246 ||   549
       Tailslap          |     6 |    24 |    30 ||    60
       Punch             |     1 |     2 |     1 ||     4
Throw: Dart              |       |     3 |     2 ||     5
Invok: Berserk           |     1 |     1 |     4 ||     6
       Trog's Hand       |       |       |     1 ||     1
       Brothers in Arms  |       |       |     1 ||     1
  Use: Scroll            |       |       |    15 ||    15
       Potion            |       |       |     1 ||     1
 Stab: Sleeping          |       |     1 |     1 ||     2
Armor: Skin              |    41 |    74 |    63 ||   178
Dodge: Dodged            |    80 |   148 |   183 ||   411

Table legend: (Time is in decaauts)
 A = Elapsed time spent in this place.
 B = Non-inter-level travel time spent in this place.
 C = Inter-level travel time spent in this place.
 D = Time resting spent in this place.
 E = Time spent auto-exploring this place.
 F = Levels seen in this place.
 G = Mean time per level.
                   A        B        C        D        E       F      G
               +--------+--------+--------+--------+--------+-----+--------+
         Total |   6592 |   6414 |    178 |   2177 |   2890 |   7 |  941.7 |
       Dungeon |   6350 |   6172 |    178 |   2057 |   2810 |   6 | 1058.3 |
         Sewer |    241 |    241 |      0 |    120 |     80 |   1 |  241.0 |
               +--------+--------+--------+--------+--------+-----+--------+

Top non-repeatable levels by time:
     D:1: 1438 daAuts
     D:5: 1380 daAuts
     D:3: 1312 daAuts
     D:4: 977 daAuts
     D:2: 688 daAuts
     D:6: 553 daAuts
   Sewer: 241 daAuts
